 Dungeon Crawl Stone Soup version 0.24.0-123-gd5b16e6ec5 (webtiles) character file.

Game seed: 1787558671017246620, levelgen mode: deterministic

16383 Devam the Reanimator (level 12, -3/94 HPs)
             Began as a Mummy Necromancer on Jan 10, 2020.
             Was an Initiate of Gozag.
             Slain by a four-headed hydra (14 damage)
             ... on level 2 of the Lair of Beasts.
             The game lasted 00:52:45 (19547 turns).

Devam the Reanimator (Mummy Necromancer)           Turns: 19547, Time: 00:52:45

Health: -3/94      AC: 13    Str: 11    XL:     12   Next: 9%
Magic:  15/16      EV:  9    Int: 22    God:    Gozag
Gold:   327        SH: 11    Dex: 13    Spells: 3/17 levels left

rFire    + . .     SeeInvis .   s - +2 flail (venom)
rCold    + . .     Gourm    .   A - +1 shield
rNeg     + + +     Faith    .   j - +3 ring mail {rF+}
rPois    ∞         Spirit   .   B - +1 hat
rElec    .         Reflect  .   l - +2 cloak
rCorr    .         Harm     .   (no gloves)
MR       +....                  (no boots)
Stlth    +.........             (no amulet)
HPRegen  0.25/turn              b - ring of protection from fire
MPRegen  0.15/turn              t - +3 ring of intelligence

@: gold aura
A: no food or potions, fire vulnerability, cold resistance 1, negative energy
resistance 3, torment resistance, unbreathing
a: Potion Petition, Call Merchant, Bribe Branch, Renounce Religion


You were on level 2 of the Lair of Beasts.
You worshipped Gozag.
Gozag was aware of your devotion.
You were not hungry.

You visited 3 branches of the dungeon, and saw 14 of its levels.
You also visited: Ossuary.

You collected 1979 gold pieces.
You spent 390 gold pieces at shops.
You paid 1262 gold pieces to Gozag.

Inventory:

Hand Weapons
 c - a +4 dagger of venom
 d - the +4 mace of Yredelemnul's Anger {elec, rF+}
   (You found it on level 5 of the Dungeon)

   Occasionally, upon striking a foe, it will discharge some electrical energy
   and cause terrible harm.
   It protects you from fire.
 n - a +3 short sword of freezing
 s - a +2 flail of venom (weapon)
Missiles
 f - 248 stones (quivered)
 p - a boomerang
 z - 3 throwing nets
Armour
 e - a +0 large shield
 j - a +3 ring mail of fire resistance (worn)
 l - a +2 cloak (worn)
 A - a +1 shield (worn)
 B - a +1 hat (worn)
Jewellery
 b - a ring of protection from fire (left hand)
 i - a +5 ring of strength
 o - a cursed ring of stealth
 q - an uncursed ring of wizardry
 t - a +3 ring of intelligence (right hand)
 x - an uncursed ring of ice
 C - an uncursed ring of resist corrosion
 E - a cursed ring of ice
 G - an uncursed ring of ice
Wands
 k - a wand of iceblast (8)
 u - a wand of acid (18)
 w - a wand of clouds (4)
Scrolls
 a - 5 scrolls of teleportation
 g - 2 scrolls of fear
 h - a scroll of amnesia
 m - 10 scrolls of remove curse {@r2}
 r - 2 scrolls of fog
 v - a scroll of brand weapon {unknown}
 y - 5 scrolls of magic mapping
 D - a scroll of silence
 F - a scroll of noise {unknown}


   Skills:
 + Level 8.4 Fighting
 - Level 2.7 Short Blades
 - Level 8.0 Maces & Flails
 - Level 5.1 Armour
 - Level 1.5 Dodging
 - Level 1.5 Stealth
 - Level 8.0 Shields
 - Level 3.1 Spellcasting
 + Level 10.3 Necromancy


You had 3 spell levels left.
You knew the following spells:

 Your Spells              Type           Power        Failure   Level  Hunger
a - Pain                  Necr           ####         1%          1    N/A
b - Vampiric Draining     Necr           #####.....   2%          3    N/A
c - Agony                 Necr           #####...     26%         5    N/A
d - Dispel Undead         Necr           #####...     26%         5    N/A

Your spell library contained the following spells:

 Spells                   Type           Power        Failure   Level  Hunger
 Animate Skeleton         Necr           N/A          1%          1    N/A
 Corpse Rot               Necr           N/A          1%          2    N/A
 Confusing Touch          Hex            #.....       54%         1    N/A
 Confuse                  Hex            #.......     89%         3    N/A
 Gell's Gravitas          Tloc           #.........   89%         3    N/A
 Animate Dead             Necr           N/A          10%         4    N/A
 Bolt of Draining         Conj/Necr      ####......   91%         5    N/A
 Excruciating Wounds      Chrm/Necr      ####......   91%         5    N/A
 Petrify                  Tmut/Erth      #.......     100%        4    N/A
 Irradiate                Conj/Tmut      #.........   100%        5    N/A
 Metabolic Englaciation   Hex/Ice        #.........   100%        5    N/A
 Yara's Violent Unravell  Hex/Tmut       #.........   100%        5    N/A
 Sublimation of Blood     Necr           Unusable     N/A         2    N/A
 Regeneration             Chrm/Necr      Unusable     N/A         3    N/A
 Hydra Form               Tmut           Unusable     N/A         6    N/A
 Statue Form              Tmut/Erth      Unusable     N/A         6    N/A
 Dragon Form              Tmut           Unusable     N/A         7    N/A

Dungeon Overview and Level Annotations

Branches:
Dungeon (11/15)            Temple (1/1) D:5            Lair (2/6) D:10
Ossuary (visited)
  Swamp: Lair:2-4    Shoals: Lair:2-4     Snake: Lair:2-4    Spider: Lair:2-4
    Orc: D:9-12

Altars:
Ashenzari
Cheibriados
Dithmenos
Elyvilon
Fedhas
Gozag
Hepliaklqana
Kikubaaqudgha
Makhleb
Nemelex Xobeh
Okawaru
Qazlal
Ru
Sif Muna
Trog
Uskayaw
Vehumet
Wu Jian
Xom
Yredelemnul
Zin
The Shining One

Shops:
D:9 *   D:10 [

Annotations:
D:6 Pikel
Lair:1 2 transporters, Thargor's ghost, journeyman GnEE


Innate Abilities, Weirdness & Mutations

You do not eat or drink.
Your flesh is vulnerable to fire.
You are immune to poison.
Your flesh is cold resistant. (rC+)
You are immune to negative energy. (rN+++)
You are immune to unholy pain and torment.
You can survive without breathing.


Message History

The four-headed hydra bites you but does no damage.
You thump the four-headed hydra!
The four-headed hydra is heavily wounded.
The four-headed hydra bites you but does no damage.
You block the four-headed hydra's attack.
The four-headed hydra bites you but does no damage. x2
Your shield and ring mail prevent you from hitting the four-headed hydra.
The four-headed hydra is heavily wounded.
The four-headed hydra bites you but does no damage.
The four-headed hydra bites you.
The four-headed hydra closely misses you.
The four-headed hydra bites you!
* * * LOW HITPOINT WARNING * * *
The four-headed hydra bites you!
* * * LOW HITPOINT WARNING * * *
The four-headed hydra bites you!
* * * LOW HITPOINT WARNING * * *
The four-headed hydra bites you!
You die...
Your body crumbles into a pile of gold.

.#.##..........#...####.##
##.#...!.......P.#....P.#
...##............#......#
##.####....##...##.#..#.#
#...###...##...###...#..##
##...####.##P..##........##
.....# #.###..##..##..P.P#
.....# #..#P..#...#☼§.#.P#
....## #..##P..@D°°§§...##
P....####.##...##.P#§§##..##
.....##P.......#..######...#
P.#...............# #)#####
...#..###.#.#..#.##
#Y##P.####
.....###.##....###
#......... ##..............#
#D.######.
.#..##..P.###...## #..# ##
...######## ###..# #..## #P


You could see a four-headed hydra.

Vanquished Creatures
  Gastronok (D:8)
  Fannar (Lair:2)
  Harold (D:7)
  2 two-headed ogres (D:10)
  An unseen horror (D:10)
  A manticore (D:11)
  Joseph (D:8)
  A gargoyle (D:11)
  3 spiny frogs (Lair:1)
  A komodo dragon (Lair:1)
  2 trolls
  Prince Ribbit (D:5)
  6 slime creatures
  A hippogriff (D:9)
  3 hornets
  Sigmund (D:6)
  A wyvern (D:10)
  6 yaks
  Menkaure (D:7)
  2 soldier ants (D:8)
  A water moccasin (Lair:1)
  2 porcupines
  5 phantoms
  5 ice beasts
  2 orc warriors
  5 sky beasts
  3 slaves (D:6)
  3 ogres
  A necrophage (Temple)
  A black bear (D:10)
  2 centaurs
  2 big kobolds
  5 crocodiles
  Blork the orc (D:5)
  4 bullfrogs
  A wyvern zombie (D:10)
  3 elf skeletons (D:5)
  A scorpion (D:9)
  8 wights
  3 howler monkeys
  A bullfrog zombie (D:8)
  3 crimson imps
  2 jellies
  4 centaur skeletons
  2 hounds (D:8)
  4 orc priests
  A human skeleton (D:5)
  11 orc wizards
  2 bullfrog skeletons
  An iguana (D:6)
  11 worker ants
  2 hound skeletons
  A howler monkey zombie (D:8)
  12 adders
  2 shadow imps (D:6)
  A dart slug (D:4)
  6 leopard geckos
  30 orcs
  2 ball pythons
  8 giant cockroaches
  5 hobgoblins
  16 jackals
  6 quokkas
  3 bats
  6 frilled lizards
  5 goblins
  17 kobolds
  An orc skeleton (D:5)
  An orc zombie (D:5)
  2 quokka zombies (D:6)
  2 rats
  A spectral orc (D:8)
266 creatures vanquished.

Vanquished Creatures (others)
  A bush (Lair:2)
  3 fungi (Lair:2)
  7 plants (Lair:2)
11 creatures vanquished.

Grand Total: 277 creatures vanquished

Notes
Turn   | Place    | Note
-------+----------+-------------------------------------------
     0 | D:1      | Devam the Mummy Necromancer began the quest for the Orb.
     0 | D:1      | Reached XP level 1. HP: 13/13 MP: 4/4
   245 | D:1      | Reached XP level 2. HP: 14/19 MP: 2/5
   749 | D:2      | Found a white marble altar of Elyvilon.
   891 | D:2      | Reached XP level 3. HP: 23/24 MP: 7/7
   986 | D:2      | Reached skill level 5 in Necromancy
  1462 | D:3      | Learned a level 3 spell: Vampiric Draining
  1473 | D:3      | Reached skill level 1 in Short Blades
  1473 | D:3      | Reached skill level 1 in Armour
  1731 | D:3      | Reached XP level 4. HP: 30/30 MP: 3/8
  1794 | D:3      | Found a burning altar of Makhleb.
  1874 | D:3      | You fall into a shaft and drop 1 floor!
  1874 | D:4      | Found a shattered altar of Ashenzari.
  1951 | D:4      | Reached XP level 5. HP: 25/35 MP: 1/9
  2322 | D:3      | Found a hazy altar of Hepliaklqana.
  2323 | D:3      | Found a radiant altar of Vehumet.
  2323 | D:3      | Found a shimmering altar of Xom.
  2323 | D:3      | Found an ornate altar of the Wu Jian Council.
  2369 | D:3      | Reached XP level 6. HP: 30/41 MP: 4/10
  2555 | D:3      | Found a blossoming altar of Fedhas.
  2559 | D:3      | Found a sparkling altar of Nemelex Xobeh.
  2636 | D:4      | Found an ancient bone altar of Kikubaaqudgha.
  2737 | D:4      | Found a snail-covered altar of Cheibriados.
  2764 | D:4      | Found a shimmering blue altar of Sif Muna.
  2920 | D:4      | Reached skill level 6 in Necromancy
  3037 | D:5      | Entered Level 5 of the Dungeon
  3112 | D:5      | Found a sand-covered staircase.
  3130 | Ossuary  | Entered an ossuary
  3743 | D:5      | Reached skill level 7 in Necromancy
  3743 | D:5      | Reached XP level 7. HP: 19/46 MP: 11/11
  3950 | D:5      | Reached skill level 1 in Fighting
  4032 | D:5      | Found a staircase to the Ecumenical Temple.
  4049 | Temple   | Entered the Ecumenical Temple
  4103 | Temple   | Became a worshipper of Gozag Ym Sagoz the Greedy
  4438 | D:5      | Got a warped mace
  4439 | D:5      | Identified the +4 mace of Yredelemnul's Anger {elec, rF+}
                  | (You found it on level 5 of the Dungeon)
  4456 | D:5      | Reached skill level 1 in Maces & Flails
  4668 | D:5      | Noticed Prince Ribbit
  4684 | D:5      | Killed Prince Ribbit
  4684 | D:5      | Reached XP level 8. HP: 23/57 MP: 1/12
  5359 | D:6      | Noticed Pikel
  5683 | D:6      | Noticed Blork the orc
  5957 | D:5      | Killed Blork the orc
  6414 | D:6      | Reached skill level 5 in Maces & Flails
  7096 | D:6      | Noticed Sigmund
  7102 | D:6      | Killed Sigmund
  7338 | D:7      | Noticed a hornet
  7341 | D:7      | Killed a hornet
  7341 | D:7      | Reached XP level 9. HP: 62/62 MP: 11/13
  7350 | D:7      | Noticed Menkaure
  7364 | D:7      | Killed Menkaure
  7699 | D:7      | HP: 2/62 [something (6)]
  8485 | D:8      | Found a burning altar of Makhleb.
  8495 | D:8      | Noticed a troll
  8506 | D:8      | Killed a troll
  8848 | D:8      | Noticed Gastronok
  9050 | D:8      | Reached skill level 5 in Fighting
  9119 | D:8      | Found a basalt altar of Yredelemnul.
  9352 | D:8      | Noticed Harold
  9555 | D:7      | Killed Harold
  9956 | D:8      | Noticed Joseph
 10668 | D:8      | Killed Joseph
 10668 | D:8      | Reached skill level 5 in Armour
 10668 | D:8      | Reached XP level 10. HP: 62/74 MP: 14/14
 11167 | D:8      | Killed Gastronok
 11428 | D:8      | Reached skill level 5 in Shields
 11743 | D:9      | Found a burning altar of Makhleb.
 12773 | D:9      | Reached XP level 11. HP: 63/79 MP: 12/15
 12874 | D:9      | Found Tuprub's General Store.
 12882 | D:9      | Bought a +3 ring mail of fire resistance for 390 gold
                  | pieces
 13624 | D:10     | Entered Level 10 of the Dungeon
 13630 | D:10     | Found a staircase to the Lair.
 13807 | D:10     | Reached skill level 8 in Necromancy
 14405 | D:10     | Noticed a two-headed ogre
 14756 | D:10     | Found Toisiqus's Antique Armour Boutique.
 14757 | D:10     | Noticed a two-headed ogre
 14978 | D:10     | Killed a two-headed ogre
 14978 | D:10     | Reached skill level 9 in Necromancy
 15468 | D:10     | Killed a two-headed ogre
 15750 | D:10     | Killed an unseen horror
 15750 | D:10     | Reached skill level 10 in Necromancy
 16731 | D:11     | Noticed a seven-headed hydra
 17108 | Lair:1   | Entered Level 1 of the Lair of Beasts
 17173 | Lair:1   | Found a transporter.
 17177 | Lair:1   | Found a transporter.
 17177 | Lair:1   | Noticed Thargor's ghost (journeyman GnEE)
 17815 | Lair:1   | Noticed a four-headed hydra
 18574 | Lair:2   | Noticed a four-headed hydra
 19224 | Lair:2   | Noticed Fannar
 19245 | Lair:1   | Reached XP level 12. HP: 65/92 MP: 5/16
 19380 | Lair:2   | Killed Fannar
 19420 | Lair:2   | Learned a level 5 spell: Agony
 19426 | Lair:2   | Learned a level 5 spell: Dispel Undead
 19547 | Lair:2   | Slain by a four-headed hydra

Levels and vault maps discovered:
D:1:      erik_arrival_triangle_large, layout_basic
D:2:      layout_loops_ring, elyvilon_altar_4
D:3:      layout_basic, minmay_overflow_temple_hex,
          nicolae_overflow_hidden_temple
D:4:      layout_cave_pools, overflow_temple_1_default, old_standard_altar,
          led_sif_book, lemuel_doored_altar, serial_column_ruins,
          column_ruins_circle_medium, column_ruins_open_tiny,
          column_ruins_open_medium, column_ruins_columns_dead_end,
          column_ruins_columns_straight, column_ruins_open_tiny,
          column_ruins_columns_corner
D:5:      layout_basic, minmay_temple_entry_statues_fountains,
          nicolae_ossuary_entry_catacombs, first_ration, uniq_prince_ribbit1
D:6:      layout_basic, serial_corexii_hall, corexii_hall_statues_x,
          chequers_hall_statues_corner_a, corexii_hall_statues_i,
          corexii_hall_statues_i, uniq_pikel, uniq_blork_the_orc, uniq_sigmund
D:7:      layout_rooms, uniq_menkaure
D:8:      layout_layer_cave, yredelemnul_forgotten_temple_becter, basic_altar,
          hangedman_pestilent_swarm, uniq_gastronok, uniq_harold, uniq_joseph
D:9:      lemuel_flame_loot_2, layout_cave_pools, basic_altar, serial_shops,
          shop_statue
D:10:     layout_loops_ring, lair_entry_dummy, serial_shops, shop_fountains
D:11:     layout_roguey, serial_shops, shop, nrook_guardian_serpent_ordinary,
          uniq_snorg
Temple:   kb_temple_of_zot
Lair:1:   layout_regular_city, gammafunk_ghost_arena, minivault_26,
          serial_bayou_ford_a, lemuel_fruit_tree, infiniplex_staircase_pool
Lair:2:   layout_loops_ring, serial_forest, infiniplex_forest_straight_2,
          infiniplex_forest_lined_room_2, infiniplex_forest_straight_1,
          infiniplex_forest_clump_small, infiniplex_forest_clump_small,
          infiniplex_forest_clump_small, uniq_fannar

Skill      XL: |  1  2  3  4  5  6  7  8  9 10 11 12 |
---------------+-------------------------------------+-----
Necromancy     | 5 7 10 | 10.3
Short Blades   | 1 2 |  2.7
Armour         | 1 2 5 |  5.1
Spellcasting   | 3 |  3.1
Fighting       | 2 5 7 8 |  8.4
Maces & Flails | 3 6 8 |  8.0
Shields        | 7 8 |  8.0
Dodging        | |  1.5
Stealth        | |  1.5

Action                   |  1- 3 |  4- 6 |  7- 9 | 10-12 || total
-------------------------+-------+-------+-------+-------++-------
Melee: Dagger            |    83 |    83 |    14 |       ||   180
       Unarmed           |     1 |       |       |       ||     1
       Short sword       |       |    62 |    36 |     8 ||   106
       Mace              |       |       |   239 |    91 ||   330
       Flail             |       |       |    37 |   460 ||   497
Throw: Stone             |       |       |    11 |     8 ||    19
 Cast: Pain              |    29 |    14 |    72 |    89 ||   204
       Vampiric Draining |       |     2 |    17 |    33 ||    52
Invok: Potion Petition   |       |       |     3 |     1 ||     4
Evoke: Wand              |       |       |       |     4 ||     4
  Use: Scroll            |     8 |     5 |     6 |     9 ||    28
 Stab: Sleeping          |       |       |     1 |       ||     1
       Distracted        |       |       |       |     1 ||     1
Armor: Robe              |     7 |       |       |       ||     7
       Ring mail         |    19 |    37 |   127 |   224 ||   407
Dodge: Dodged            |    53 |    60 |   155 |   146 ||   414
Block: Shield            |       |       |       |   292 ||   292
